Map: 2000 Atmospheres LE

Players

Clem - Winner!

  • Race: Terran Terran

Bly

  • Race: Zerg Zerg

Event: DreamHack SC2 Masters 2021 Fall

VOD

Have the link to the VOD?

Description

Time

  • Played on: Aug. 3, 2021, 1:49 p.m.
  • Length: 11:01

All games in this series

Show
View Real Time Build Order
Export as new Build Order

Clem Terran - Winner!

Build Orders: Reaper Expand 

Get SALT Encoding   

  12  0:00  SCV  
  13  0:12  SCV  
  14  0:16  Supply Depot  
  14  0:24  SCV  
  15  0:38  SCV  
  15  0:40  Barracks  
  16  0:43  Refinery  
  16  0:50  SCV  
  17  1:02  SCV  
  18  1:14  SCV  
  19  1:27  Reaper, Orbital Command  
  20  1:39  Command Center  
  20  1:49  Barracks  
  20  1:54  SCV  
  21  2:01  Marine  
  22  2:09  Factory  
  22  2:14  Bunker  
  22  2:21  Marine  
  23  2:24  Supply Depot  
  23  2:41  Bunker  
  23  2:43  SCV  
  23  2:45  Marine  
  23  2:47  Marine  
  25  2:54  SCV, Factory Tech Lab  
  26  3:02  SCV  
  26  3:03  Marine  
  26  3:05  Marine  
  28  3:07  Orbital Command  
  29  3:14  Cyclone  
  29  3:18  SCV  
  33  3:25  Marine  
  33  3:26  Marine, Supply Depot  
  35  3:30  SCV  
  35  3:33  SCV  
  37  3:42  SCV  
  37  3:43  Marine  
  37  3:44  Marine  
  37  3:46  SCV, Siege Tank  
  43  3:55  SCV  
  41  4:00  Marine, Bunker  
  41  4:01  Supply Depot  
  41  4:02  Marine  
  42  4:11  SCV  
  42  4:12  SCV  
  43  4:21  Supply Depot  
  43  4:22  Marine  
  44  4:24  SCV  
  44  4:29  Marine  
  46  4:31  Siege Tank  
  46  4:32  Bunker  
  46  4:34  SCV  
  49  4:40  Marine  
  49  4:41  SCV  
  51  4:46  SCV  
  51  4:47  Marine  
  52  4:56  SCV  
  52  4:58  Marine, SCV  
  44  5:05  Marine  
  45  5:08  SCV  
  45  5:11  Siege Tank  
  49  5:16  Marine, SCV  
  49  5:17  Barracks  
  49  5:20  SCV  
  52  5:22  Supply Depot  
  52  5:23  Marine  
  53  5:29  SCV  
  53  5:34  Marine  
  51  5:37  Supply Depot  
  51  5:39  SCV  
  51  5:41  Marine  
  52  5:44  SCV  
  52  5:51  Marine, SCV  
  52  5:54  Supply Depot  
  52  5:56  Siege Tank  
  57  5:58  Marine, SCV  
  57  6:03  SCV  
  60  6:04  Marine  
  60  6:09  Marine, Supply Depot  
  60  6:10  SCV  
  63  6:12  Refinery  
  63  6:15  SCV  
  63  6:16  Marine  
  65  6:22  SCV  
  65  6:24  Marine  
  67  6:27  Marine, SCV  
  67  6:28  Supply Depot  
  69  6:34  Marine, SCV  
  69  6:39  SCV  
  68  6:40  Supply Depot  
  68  6:42  Marine, Refinery, Siege Tank  
  68  6:46  Marine, SCV  
  74  6:52  Marine, SCV  
  74  6:53  Supply Depot  
  75  7:04  Marine  
  75  7:05  SCV  
  75  7:07  Barracks Tech Lab  
  71  7:10  Marine  
  71  7:12  SCV  
  71  7:14  Siege Tank  
  75  7:18  SCV  
  75  7:22  Marine  
  77  7:24  SCV  
  77  7:26  Marine  
  77  7:27  Stimpack  
  77  7:28  Marine  
  80  7:31  SCV  
  80  7:36  Command Center  
  81  7:40  Marine  
  82  7:46  Siege Tank  
  82  7:50  SCV, Barracks  
  86  7:52  SCV  
  87  7:59  Barracks Reactor, Engineering Bay  
  87  8:00  Barracks Reactor  
  87  8:04  SCV  
  88  8:05  SCV  
  88  8:10  Starport  
  88  8:12  Marine  
  90  8:16  SCV  
  90  8:19  SCV  
  92  8:24  Command Center  
  92  8:29  Refinery  
  92  8:30  Marine, Siege Tank  
  96  8:35  Marine, SCV  
  96  8:36  Marine, Supply Depot  
  96  8:38  Marine x2  
  96  8:40  Marine  
  102  8:45  SCV  
  102  8:47  SCV  
  102  8:48  Marine  
  105  8:50  Supply Depot  
  105  8:53  Marine  
  105  8:54  Supply Depot  
  106  8:55  Terran Infantry Weapons Level 1  
  106  8:57  Marine  
  106  8:59  Marine  
  106  9:02  Marine x2  
  107  9:05  Marine  
  107  9:07  Starport Reactor  
  110  9:14  Siege Tank  
  110  9:16  Marine x2  
  99  9:17  Marine  
  99  9:20  Marine  
  100  9:24  Supply Depot x2  
  100  9:25  Marine x2  
  102  9:34  Marine x2  
  102  9:36  Orbital Command  
  102  9:38  Combat Shield  
  104  9:39  Supply Depot  
  104  9:44  Medivac x2  
  108  9:50  Orbital Command  
  108  9:51  Marine, Siege Tank  
  112  9:54  Marine x2  
  112  9:56  Marine  
  115  10:00  Marine  
  115  10:03  Marine  
  116  10:09  Marine  
  116  10:12  Marine  
  116  10:13  Armory  
  116  10:14  Engineering Bay  
  118  10:15  Marine x2  
  118  10:16  Medivac  
  118  10:19  Medivac  
  124  10:22  Marine  
  124  10:23  Marine  
  124  10:27  Marine  
  127  10:29  Siege Tank  
  127  10:30  Marine  
  127  10:33  Marine  
  127  10:34  Marine  
  133  10:39  Marine  
  133  10:42  Marine  
Show
View Real Time Build Order
Export as new Build Order

Bly Zerg 

Build Orders: Hatch First, Ravager All-In 

Get SALT Encoding   

  12  0:00  Drone  
  13  0:12  Overlord  
  13  0:17  Drone  
  14  0:30  Drone x2  
  16  0:37  Drone  
  17  0:53  Hatchery  
  16  0:58  Drone  
  16  1:00  Drone  
  18  1:14  Extractor  
  18  1:15  Spawning Pool  
  18  1:17  Drone  
  17  1:20  Drone  
  18  1:27  Drone  
  19  1:38  Drone  
  20  1:49  Drone  
  20  1:52  Extractor  
  20  2:03  Roach Warren  
  20  2:04  Queen  
  20  2:05  Zergling x2, Queen  
  24  2:11  Drone  
  24  2:13  Zergling x2  
  26  2:25  Drone  
  26  2:28  Overlord  
  27  2:34  Metabolic Boost  
  26  2:47  Drone x2  
  28  2:54  Overlord  
  28  3:09  Overlord  
  28  3:10  Roach x3  
  33  3:22  Roach x3  
  33  3:27  Roach  
  41  3:34  Ravager x2  
  43  3:35  Ravager  
  43  3:39  Zergling x6  
  45  3:57  Roach x2  
  45  3:58  Roach  
  45  3:59  Zergling x2  
  52  4:06  Overlord  
  52  4:31  Ravager x3  
  55  4:32  Zergling x10  
  55  4:33  Overlord  
  48  5:02  Roach x2  
  48  5:03  Zergling x6  
  55  5:07  Ravager x2  
  57  5:17  Zergling x4, Roach x2  
  57  5:18  Zergling x2  
  55  5:38  Roach x2  
  55  5:41  Overlord x4  
  59  6:01  Zergling x2  
  59  6:02  Zergling x4  
  62  6:06  Ravager x3  
  65  6:14  Zergling x10  
  70  6:23  Zergling x2  
  70  6:24  Ravager  
  70  6:38  Zergling x4, Roach  
  66  6:40  Ravager  
  50  7:05  Zergling x2  
  50  7:06  Zergling x10  
  47  7:14  Ravager  
  47  7:15  Queen  
  48  7:16  Zergling x2  
  48  7:17  Zergling x2  
  48  7:18  Roach x2  
  48  7:19  Roach  
  58  7:40  Roach x2  
  62  8:00  Drone x2  
  62  8:02  Ravager x3  
  67  8:06  Hatchery  
  66  8:35  Baneling Nest  
  66  8:36  Drone x5  
  70  8:48  Zergling x16  
  78  8:50  Ravager  
  70  9:17  Zergling x2  
  70  9:18  Zergling x18  
  76  9:25  Baneling x7  
  76  9:32  Ravager  
  76  9:34  Burrow  
  77  9:48  Zergling x2  
  77  9:49  Zergling x8  
  82  10:04  Zergling x14  
  82  10:06  Baneling x2  
  89  10:08  Baneling  
  89  10:13  Roach  
  91  10:14  Roach  

Tags
 
Add a new tag
Caveats
  • Supply blocks, unpowered buildings, or Contaminate may cause inaccurate times.
  • Supply counts are checked every 10 seconds.